 Dungeon Crawl Stone Soup version 0.14-a0-1570-g671a4b6 (webtiles) character file.

65 PolkaDot the Vexing (level 3, 0/24 HPs)
             Began as a Vampire Enchanter on Dec 20, 2013.
             Succumbed to an adder's poison
             ... on Level 2 of the Dungeon.
             The game lasted 00:04:22 (1799 turns).

PolkaDot the Vexing (Vampire Enchanter)             Turns: 1799, Time: 00:04:23

HP   0/24        AC  4     Str  7      XL: 3   Next:  7%
MP   0/6         EV 12     Int 18      God:
Gold 34          SH  0     Dex 14      Spells:  2 memorised,  2 levels left

rFire  . . .     SeeInvis +     a - +1 dagger
rCold  . . .     Clarity  .     b - +1 robe
rNeg   + . .     Conserve .     (no shield)
rPois  .         rCorr    .     (no helmet)
rElec  .         rRot     .     (no cloak)
SustAb . .       Spirit   .     f - +0 pair of gloves (curse)
rMut   .         Warding  .     (no boots)
Saprov . . .     Stasis   +     i - amulet of stasis
                                (no ring)
                                (no ring)

@: mildly poisoned, slightly resistant to hostile enchantments, stealthy
A: fangs 3, see invisible, unbreathing
a: Bat Form


You were on level 2 of the Dungeon.
You were not thirsty.

You visited 1 branch of the dungeon, and saw 3 of its levels.

You collected 34 gold pieces.

Inventory:

Hand weapons
 a - a +1,+1 dagger (weapon)
Missiles
 d - 12 darts (quivered)
Armour
 b - a +1 robe (worn)
 f - a cursed +0 pair of gloves (worn)
Scrolls
 j - a scroll of enchant weapon II {unknown}
 k - a scroll of identify {unknown}
 m - a scroll of noise
 n - a scroll of fog {unknown}
 o - a scroll of remove curse {unknown}
 q - a scroll of magic mapping {unknown}
Jewellery
 h - an uncursed ring of protection from fire {unknown}
 i - an amulet of stasis (around neck)
Potions
 g - a potion of curing {unknown}
 l - a potion of poison {unknown}
 p - a potion of lignification
Books
 c - a book of Maledictions

   Spells                             Type                      Level
   *Corona                            Hexes                        1
   Sure Blade                         Hexes/Charms                 2
   Ensorcelled Hibernation            Hexes/Ice                    2
   *Confuse                           Hexes                        3
   Enslavement                        Hexes                        4
   Invisibility                       Hexes                        6


   Skills:
 + Level 1.9 Short Blades
 - Level 0.7 Throwing
 - Level 2.1 Dodging
 - Level 3.0 Stealth
 - Level 2.0 Spellcasting
 * Level 5.7 Hexes


You had 2 spell levels left.
You knew the following spells:

 Your Spells              Type           Power        Failure   Level  Hunger
a - Corona                Hex            ###....      1%          1    #......
c - Confuse               Hex            ###.....     6%          3    ####...


Dungeon Overview and Level Annotations

Branches:
Dungeon (3/16)

Altars:

Annotations:
D:3 Ijyb; Terence; ilii's ghost, average KoCK


Innate Abilities, Weirdness & Mutations

You have razor-sharp teeth.*
You have supernaturally acute eyesight.
You can survive without breathing.*


Message History

Press: ? - help, Shift-Dir - straight line, f/p - orc
Aim: an orc, wielding an orcish flail The orc appears confused.
* * * LOW MAGIC WARNING * * *
The adder closely misses you. The adder bites you.
* * * LOW HITPOINT WARNING * * *
You strike the helpless orc from behind!
You puncture the orc!
You kill the orc!
The adder bites you but does no damage.
You see here an orcish flail.
Drink which item? (? for menu, Esc to quit)
Yummy - fresh blood!
The adder barely misses you. The adder bites you.
* * * LOW HITPOINT WARNING * * *
You are poisoned.
The adder poisons you!
Drink which item? (? for menu, Esc to quit)
You feel woody for a moment.
It was a potion of lignification.
You die...

############.#.###
.................#
...<########.#.#.#
############.#.#.#
.............#.#.#
##############.#.#
...............#.#
#####..###.#####.# #
#....#.# #.#@# #
#......###.#S# #
#..<.......#># #
#.#..#.###.#.# #
#.#..#.# #.#.# #
#.####.# #.#.##### #
#......# #.#.....#
##############.#.###.#
.............#.......#


You could see an adder.

Vanquished Creatures
  A giant gecko (D:2)
  An orc (D:2)
  A ball python (D:2)
  2 giant cockroaches
  4 goblins
  4 hobgoblins
  4 jackals (D:1)
  A quokka (D:2)
  A bat (D:1)
  A giant newt (D:1)
  3 kobolds
  5 rats
28 creatures vanquished.

Notes
Turn   | Place    | Note
--------------------------------------------------------------
     0 | D:1      | PolkaDot, the Vampire Enchanter, began the quest for the Orb.
     0 | D:1      | Reached XP level 1. HP: 13/13 MP: 3/3
     2 | D:1      | Noticed a felid
     2 | D:1      | Noticed a naga
     4 | D:1      | Noticed a demigod
     6 | D:1      | Noticed a demonspawn
     6 | D:1      | Noticed a human
     8 | D:1      | Noticed a minotaur
     8 | D:1      | Noticed an ogre
    10 | D:1      | Noticed a dwarf
    12 | D:1      | Noticed a troll
    14 | D:1      | Noticed a tengu
    16 | D:1      | Noticed a vampire
    16 | D:1      | Noticed a draconian
    18 | D:1      | Noticed an octopode
    18 | D:1      | Noticed a centaur
    20 | D:1      | Noticed a spriggan
    20 | D:1      | Noticed a ghoul
    22 | D:1      | Noticed a merfolk
    22 | D:1      | Noticed an elf
    90 | D:1      | Reached skill level 5 in Hexes
   160 | D:1      | Reached XP level 2. HP: 17/19 MP: 0/4
  1380 | D:2      | Reached XP level 3. HP: 24/24 MP: 6/6
  1738 | D:2      | Learned a level 3 spell: Confuse
  1784 | D:3      | Noticed Ijyb
  1784 | D:3      | Noticed Terence
  1789 | D:3      | Noticed ilii's ghost (average KoCK)
  1798 | D:2      | HP: 1/24 [adder (3)]
  1799 | D:2      | Succumbed to an adder's poison

Action                   || total
-------------------------++-------
Melee: Dagger            ||   116
 Cast: Corona            ||     5
       Confuse           ||     2
  Use: Scroll            ||     2
       Potion            ||     2
 Stab: Sleeping          ||     4
       Confused          ||     1
